 Dungeon Crawl Stone Soup version 0.30.1-3-gfc49f6343a (webtiles) character file.

Game seed: 7646176348483485790

42 Martska the Chopper (level 3, 31/31 HPs)
             Began as a Minotaur Gladiator on July 20, 2023.
             Was a Follower of Dithmenos.
             Quit the game on level 2 of the Dungeon.
             The game lasted 00:02:30 (965 turns).

Martska the Chopper (Minotaur Gladiator)             Turns: 965, Time: 00:02:31

Health: 31/31      AC:  4    Str: 20    XL:     3   Next: 35%
Magic:  2/2        EV: 12    Int:  5    God:    Dithmenos [*.....]
Gold:   36         SH:  0    Dex: 11    Spells: 2/2 levels left

rFire   . . .        a - +0 war axe
rCold   . . .        (no shield)
rNeg    . . .        b - +0 leather armour
rPois   .            c - +0 hat
rElec   .            (no cloak)
rCorr   .            o - +0 pair of gloves
SInv    .            (no boots)
Will    .....        (no amulet)
Stlth   +            (no ring)
HPRegen 0.25/turn    (no ring)
MPRegen 0.08/turn

%: no passive effects
@: wreathed by umbra
A: horns 2, retaliatory headbutt
a: Renounce Religion


You were on level 2 of the Dungeon.
You worshipped Dithmenos.
Dithmenos was aware of your devotion.
You visited 1 branch of the dungeon, and saw 2 of its levels.

You collected 36 gold pieces.

Inventory:

Hand Weapons
 a - a +0 war axe (weapon)
 n - a +2 vampiric whip
Missiles
 d - 3 throwing nets (quivered)
 e - a javelin
Armour
 b - a +0 leather armour (worn)
 c - a +0 hat (worn)
 o - a +0 pair of gloves (worn)
Scrolls
 f - a scroll of fear {unknown}
 i - 3 scrolls of identify {unknown}
 l - a scroll of teleportation {unknown}
 q - a scroll of magic mapping {unknown}
Potions
 g - 2 potions of mutation {unknown}
 h - a potion of lignification {unknown}
 j - a potion of might {unknown}
 k - a potion of degeneration {unknown}
 m - a potion of brilliance {unknown}
 p - a potion of curing
 r - a potion of flight {unknown}


   Skills:
 * Level 3.5 Fighting
 * Level 4.4 Axes
 - Level 2.0 Throwing
 + Level 3.6 Dodging


You had 2 spell levels left.
You didn't know any spells.
Your spell library contained the following spells:

 Spells                   Type           Power      Damage    Failure   Level
 Necrotise                Necr           0%         1d4       54%         1
 Vampiric Draining        Necr           0%         2d6       88%         3
 Agony                    Necr           0%         N/A       100%        5


Dungeon Overview and Level Annotations

Branches:
Dungeon (2/15)

Altars:
Dithmenos


Innate Abilities, Weirdness & Mutations

You have a pair of horns on your head.
You reflexively headbutt those who attack you in melee.


Message History

A hobgoblin is nearby!
A hobgoblin is nearby!
The hobgoblin misses you.
You slash the hobgoblin!
You kill the hobgoblin!
Dithmenos accepts your kill.
No target in view!
No target in view!
No target in view!
No target in view!
No target in view!
No target in view!
No target in view!
No target in view!
No target in view!
No target in view!
r - a dark potion
Found a flail.
Unknown command.
Unknown command.
Unknown command.
Unknown command.
Unknown command.
Unknown command.
Unknown command.
Unknown command.
Unknown command.
Unknown command.
What are your orders? t - Shout!
Orders for allies: a - Attack new target. r - Retreat! s - Stop attacking. g - Guard the area. f - Follow me.
Anything else - Cancel.
Okay, then.
Unknown command.
Unknown command.
Unknown command.
Unknown command.
Are you sure you want to abandon this character and quit the game? (Confirm with "yes".)

#...#.#
......##......###.#
#...#..
......##........# #
#... ##
......##....###.#
......##......#...
#........###.#.###
#..........#...
#......###.#....
#........#......#
+@.......#......+
#..........##..
#..........# ..
#..........#
#######....# #....#
##.### #.# #.#


There were no monsters in sight!

Vanquished Creatures
  A worm (D:2)
  3 dart slugs (D:1)
  2 ball pythons
  3 endoplasms
  2 giant cockroaches (D:1)
  2 goblins
  6 hobgoblins
  A kobold (D:2)
  2 quokkas (D:1)
  4 bats
  2 frilled lizards
  A rat (D:1)
29 creatures vanquished.

Notes
Turn   | Place    | Note
-------+----------+-------------------------------------------
     0 | D:1      | Martska the Minotaur Gladiator began the quest for the Orb.
     0 | D:1      | Reached XP level 1. HP: 18/18 MP: 0/0
    89 | D:1      | Reached XP level 2. HP: 25/25 MP: 1/1
   117 | D:1      | Reached skill level 4 in Axes
   625 | D:2      | Reached XP level 3. HP: 30/31 MP: 2/2
   746 | D:2      | Found a faded altar of an unknown god.
   796 | D:2      | Prayed at the altar of an unknown god.
   796 | D:2      | Became a worshipper of Dithmenos the Shadowed
   796 | D:2      | Reached * piety under Dithmenos
   965 | D:2      | Quit the game

Illustrated notes

Levels and vault maps discovered:
D:1:      dpeg_arrival_leaves_temple_mockup, layout_basic
D:2:      layout_basic, ebering_ecumenical_altar_webs,
          hangedman_abyss_or_decor_stabs

Skill      XL: |  1  2 |
---------------+-------+-----
Axes           | 4 |  4.4
Fighting       | 3 |  3.5
Throwing       | |  2.0
Dodging        | |  3.6

Action                     || total
---------------------------++-------
  Melee: War axe           ||    57
         Headbutt          ||     4
 Armour: Leather armour    ||    22
  Dodge: Dodged            ||    39
